 Dungeon Crawl Stone Soup version 0.29-a0-330-g52719c12eb (webtiles) character file.

Game seed: 18380695778066784507

361 HoaS the Shooter (level 6, -23/35 HPs)
             Began as a Gargoyle Hunter on May 17, 2022.
             Annihilated by an ogre
             ... wielding a +0 giant club
              (30 damage)
             ... on level 4 of the Dungeon.
             The game lasted 00:07:56 (4594 turns).

HoaS the Shooter (Gargoyle Hunter)                  Turns: 4594, Time: 00:07:57

Health: -23/35     AC: 11    Str: 20    XL:     6   Next: 66%
Magic:  6/6        EV: 10    Int: 10    God:
Gold:   242        SH:  0    Dex: 15    Spells: 5/5 levels left

rFire   . . .      SeeInvis .   a - +3 shortbow
rCold   . . .      Faith    .   (shield currently unavailable)
rNeg    + . .      Spirit   .   b - +1 scale mail
rPois   ∞          Reflect  .   (no helmet)
rElec   +          Harm     .   (no cloak)
rCorr   +          Rampage  .   (no gloves)
Will    .....                   (no boots)
Stlth   ++........              (no amulet)
HPRegen 0.11/turn               d - ring of resist corrosion
MPRegen 0.10/turn               h - +6 ring of strength

@: no status effects
A: sickness immunity, AC +4, negative energy resistance 1, electricity
resistance, torment resistance 1, petrification resistance
a: no special abilities


You were on level 4 of the Dungeon.
You visited 1 branch of the dungeon, and saw 4 of its levels.

You collected 242 gold pieces.

Inventory:

Hand Weapons
 a - a +3 shortbow (weapon)
Armour
 b - a +1 scale mail (worn)
Jewellery
 d - a ring of resist corrosion (left hand)
 h - a +6 ring of strength (right hand)
Scrolls
 c - a scroll of immolation
Potions
 e - a potion of flight
 f - a potion of lignification {unknown}
 g - a potion of magic {unknown}
 j - a potion of curing {unknown}


   Skills:
 - Level 2.1 Fighting
 * Level 6.1 Bows
 - Level 1.5 Dodging
 * Level 5.5 Stealth


You had 5 spell levels left.
You didn't know any spells.
Your spell library contained the following spells:

 Spells                   Type           Power      Damage    Failure   Level
 Alistair's Intoxication  Tmut/Pois      0%         N/A       100%        5
 Borgnjor's Vile Clutch   Necr/Erth      0%         N/A       100%        5
 Eringya's Noxious Bog    Tmut/Pois      0%         N/A       100%        6


Dungeon Overview and Level Annotations

Branches:
Dungeon (4/15)
 Temple: D:4-7

Altars:
Cheibriados

Shops:
D:2 =


Innate Abilities, Weirdness & Mutations

You are immune to sickness and miasma.
Your stone body is resilient. (AC +4)
You are immune to poison.
You resist negative energy. (rN+)
You are resistant to electric shocks. (rElec)
You are resistant to unholy torment.
You are immune to petrification.


Message History

You hear a shout! x9
You shoot an arrow. The arrow hits the howler monkey.
The howler monkey is severely wounded.
You shoot an arrow. The arrow hits the howler monkey.
The howler monkey is almost dead.
The howler monkey hoots and howls with incredible vigour!
You hear a shout! x2; You hear an angry growl.
You shoot an arrow. The arrow hits the howler monkey.
You kill the howler monkey!
No target in view!
You now have 242 gold pieces (gained 18).
An ogre comes into view. It is wielding a +0 giant club.
You shoot an arrow. The arrow hits the ogre!
The ogre is heavily wounded.
You shoot an arrow. The arrow barely misses the ogre.
You shoot an arrow. The arrow hits the ogre.
The ogre is heavily wounded.
You shoot an arrow. The arrow barely misses the ogre.
You shoot an arrow.
The arrow hits the ogre but does no damage.
The ogre is heavily wounded.
The ogre hits you with a +0 giant club!!
Ouch! That really hurt!
You are too injured to fight recklessly!
You are too injured to fight recklessly!
You are too injured to fight recklessly!
Shoot: a) +3 shortbow
Press: ? - help, Q - select action Shift-Dir - straight line, f/p - ogre
Aim: an ogre, wielding a +0 giant club (heavily wounded, 79% to hit)
You shoot an arrow. The arrow barely misses the ogre.
The ogre hits you with a +0 giant club.
* * * LOW HITPOINT WARNING * * *
Shoot: a) +3 shortbow
Press: ? - help, Q - select action Shift-Dir - straight line, f/p - ogre
Aim: an ogre, wielding a +0 giant club (heavily wounded, 79% to hit)
You shoot an arrow. The arrow hits the ogre.
The ogre is severely wounded.
The ogre hits you with a +0 giant club!!
Ouch! That really hurt!
You die...

###########
#.@.......#
#O#.......#
#.#.#######
#.#.# #.#.#
#.#.# #.#.#
#.#.# #.#


You could see an ogre.

Vanquished Creatures
  An ogre (D:3)
  A howler monkey (D:4)
  2 orc wizards (D:3)
  Natasha (D:2)
  4 adders
  4 gnolls
  A worm (D:3)
  3 dart slugs
  3 orcs (D:3)
  9 bats
  4 endoplasms
  5 giant cockroaches
  5 goblins
  4 hobgoblins
  2 jackals (D:1)
  4 quokkas
  12 ball pythons
  5 frilled lizards
  9 kobolds
  7 rats
86 creatures vanquished.

Notes
Turn   | Place    | Note
-------+----------+-------------------------------------------
     0 | D:1      | HoaS the Gargoyle Hunter began the quest for the Orb.
     0 | D:1      | Reached XP level 1. HP: 12/12 MP: 1/1
    68 | D:1      | Reached XP level 2. HP: 15/17 MP: 2/2
   121 | D:1      | Found a faded altar of an unknown god.
   541 | D:1      | Reached XP level 3. HP: 18/21 MP: 3/3
  1093 | D:2      | Identified the +0 robe of Classification {+Inv Will+ MP-9
                  | Int+2}
  1265 | D:1      | Reached XP level 4. HP: 9/26 MP: 4/4
  2023 | D:2      | Noticed Natasha
  2027 | D:2      | Killed Natasha
  2028 | D:2      | Reached skill level 5 in Bows
  2292 | D:2      | Found Xodumpis's Jewellery Boutique.
  2644 | D:1      | Reached XP level 5. HP: 12/30 MP: 5/5
  3385 | D:3      | Identified the +5 mace of a Gauntlet {vorpal, rF+}
  3481 | D:3      | Noticed an ogre
  3565 | D:3      | Found a snail-covered altar of Cheibriados.
  3885 | D:3      | Killed an ogre
  3886 | D:3      | Reached skill level 5 in Stealth
  3886 | D:3      | Reached XP level 6. HP: 35/35 MP: 6/6
  4002 | D:3      | Reached skill level 6 in Bows
  4594 | D:4      | Annihilated by an ogre

Illustrated notes

Levels and vault maps discovered:
D:1:      minmay_arrival_plants_in_alcoves, layout_basic,
          shapermc_ecumenical_altar_venn, minmay_fountain_box,
          serial_bayou_pond_d, minmay_ruptured
D:2:      layout_basic, serial_shops, nicolae_square_shop, minmay_vboxes,
          uniq_natasha
D:3:      layout_basic, kennysheep_slug_shrine, minmay_randomly_rotated_circles
D:4:      layout_basic

Skill      XL: |  1  2  3  4  5  6 |
---------------+-------------------+-----
Stealth        | 2 3 4 5 |  5.5
Bows           | 5 6 |  6.1
Fighting       | |  2.1
Dodging        | |  1.5

Action                   |  1- 3 |  4- 6 || total
-------------------------+-------+-------++-------
Melee: Shortbow          |       |     1 ||     1
 Fire: Shortbow          |    91 |   144 ||   235
  Use: Scroll            |     5 |     7 ||    12
Armor: Leather armour    |     2 |       ||     2
       Scale mail        |    60 |    54 ||   114
       Ring mail         |     1 |       ||     1
Dodge: Dodged            |    59 |    49 ||   108

Table legend: (Time is in decaauts)
 A = Elapsed time spent in this place.
 B = Non-inter-level travel time spent in this place.
 C = Inter-level travel time spent in this place.
 D = Time resting spent in this place.
 E = Time spent auto-exploring this place.
 F = Levels seen in this place.
 G = Mean time per level.
                   A        B        C        D        E       F      G
               +--------+--------+--------+--------+--------+-----+--------+
         Total |   4719 |   4606 |    113 |   1876 |   1984 |   4 | 1179.8 |
       Dungeon |   4719 |   4606 |    113 |   1876 |   1984 |   4 | 1179.8 |
               +--------+--------+--------+--------+--------+-----+--------+

Top non-repeatable levels by time:
     D:1: 2028 daAuts
     D:2: 1360 daAuts
     D:3: 1300 daAuts
     D:4: 30 daAuts
